 Dungeon Crawl Stone Soup version 0.28.0-53-g5a82cb258f (webtiles) character file.

Game seed: 8272698746874809497

336 Sin92 the Skirmisher (level 6, 0/48 HPs)
             Began as a Demonspawn Fighter on June 8, 2022.
             Killed from afar by an orc wizard (3 damage)
             ... with a magic dart
             ... on level 3 of the Dungeon.
             The game lasted 00:03:40 (3178 turns).

Sin92 the Skirmisher (Demonspawn Fighter)           Turns: 3178, Time: 00:03:41

Health: 0/48       AC: 11    Str: 16    XL:     6   Next: 28%
Magic:  6/6        EV:  5    Int:  9    God:
Gold:   151        SH:  5    Dex: 15    Spells: 5/5 levels left

rFire   . . .      SeeInvis .   a - +0 war axe
rCold   . . .      Faith    .   c - +0 buckler
rNeg    . . .      Spirit   .   k - +0 plate armour
rPois   .          Reflect  .   (no helmet)
rElec   .          Harm     .   (no cloak)
rCorr   .          Rampage  .   (no gloves)
Will    .....                   (no boots)
Stlth   ..........              (no amulet)
HPRegen 0.16/turn               (no ring)
MPRegen 0.10/turn               (no ring)

@: brilliant
A: condensation shield, weakness stinger 2
a: no special abilities


You were on level 3 of the Dungeon.
You visited 1 branch of the dungeon, and saw 4 of its levels.

You collected 151 gold pieces.

Inventory:

Hand Weapons
 a - a +0 war axe (weapon)
Armour
 b - a +0 scale mail
 c - a +0 buckler (worn)
 k - a +0 plate armour (worn)
Jewellery
 f - a ring of ice
 l - a +4 ring of protection
Wands
 i - a wand of flame (25)
Scrolls
 g - a scroll of fog
 j - a scroll of identify
Potions
 d - 2 potions of might
 h - a potion of lignification


   Skills:
 + Level 4.1 Fighting
 + Level 3.0 Axes
 + Level 3.7 Armour
 + Level 2.3 Dodging
 + Level 3.7 Shields


You had 5 spell levels left.
You didn't know any spells.
Your spell library was empty.

Dungeon Overview and Level Annotations

Branches:
Dungeon (4/15)
 Temple: D:4-7

Altars:
Makhleb
Vehumet
Xom


Innate Abilities, Weirdness & Mutations

A meltable shield of frost defends you. (SH +0)
You have a tail ending in a sharp stinger.


Message History

Something hits you but does no damage.
There is a stone staircase leading up here.
Something hits you.
In your confused state, you trip and fall back down the stairs.
* * * LOW HITPOINT WARNING * * *
Something hits you but does no damage.
Unknown command.
You hear some strange, mumbled words.
Something tries to affect you, but you resist.
In your confused state, you trip and fall back down the stairs.
* * * LOW HITPOINT WARNING * * *
You feel less confused. Something hits you.
* * * LOW HITPOINT WARNING * * *
Something hits you.
* * * LOW HITPOINT WARNING * * *
The orc priest looks satisfied for a moment.
You climb upwards.
Reactivating autopickup.
There is a stone staircase leading down here.
Something hits you but does no damage.
Deactivating autopickup; reactivate with Ctrl-A.
An orc wizard appears from thin air!
Reactivating autopickup.
You closely miss the orc wizard. You block the orc wizard's attack.
You hit the orc wizard.
The orc wizard is moderately wounded.
The orc wizard hits you but does no damage.
The orc wizard points at you and mumbles some strange words.
The puff of flame hits you!
Your condensation shield dissipates!
* * * LOW HITPOINT WARNING * * *
It was a potion of brilliance.
You feel clever all of a sudden. You block the orc wizard's attack.
You closely miss the orc wizard.
The orc wizard is moderately wounded.
The orc wizard gestures at you while chanting.
The magic dart hits you.
You die...

..# ##'## ##.##..##.#
.## #.# #####.##.# ##
#.# #.###.##.# # ##.##
#........# # ##...##
#####.#### # #.....# #.#
# ##...## #.#
#########.############.#
.......##.##>..o@...(..#
######.......###########
####.#### #.### #...##
##.#..### #.8.8...##
#8.......#####
#........#...#


You could see an orc wizard.

Vanquished Creatures
  A black bear (D:4)
  A crimson imp (D:3)
  A jelly (D:3)
  Natasha (D:3)
  Ijyb (D:3)
  5 adders
  3 dart slugs
  An orc (D:4)
  6 bats
  4 endoplasms
  4 giant cockroaches
  6 goblins
  7 hobgoblins
  7 quokkas
  8 ball pythons
  4 frilled lizards
  7 kobolds
  22 rats
89 creatures vanquished.

Notes
Turn   | Place    | Note
-------+----------+-------------------------------------------
     0 | D:1      | Sin92 the Demonspawn Fighter began the quest for the Orb.
     0 | D:1      | Reached XP level 1. HP: 18/18 MP: 1/1
   215 | D:1      | Gained mutation: You have a small tail. [demonic ancestry]
   215 | D:1      | Reached XP level 2. HP: 13/24 MP: 2/2
   844 | D:2      | Reached skill level 1 in Dodging
   844 | D:2      | Reached XP level 3. HP: 29/29 MP: 3/3
  1280 | D:2      | Reached XP level 4. HP: 32/35 MP: 4/4
  1638 | D:3      | Found a faded altar of an unknown god.
  1839 | D:3      | Noticed Ijyb
  1858 | D:3      | Killed Ijyb
  1940 | D:3      | Gained mutation: A meltable shield of frost defends you.
                  | (SH +0) [demonic ancestry]
  1940 | D:3      | Reached XP level 5. HP: 35/42 MP: 5/5
  2086 | D:3      | Noticed Natasha
  2099 | D:3      | Killed Natasha
  2544 | D:3      | Found a shimmering altar of Xom.
  2604 | D:3      | Found a burning altar of Makhleb.
  2605 | D:3      | Found a radiant altar of Vehumet.
  2809 | D:4      | Noticed a black bear
  2825 | D:4      | Killed a black bear
  2826 | D:4      | Reached skill level 4 in Fighting
  2826 | D:4      | Gained mutation: You have a tail ending in a sharp stinger.
                  | [demonic ancestry]
  2826 | D:4      | Reached XP level 6. HP: 13/48 MP: 6/6
  3176 | D:3      | HP: 2/48 [orc wizard/puff of flame (8)]
  3178 | D:3      | Killed from afar by an orc wizard

Illustrated notes

Levels and vault maps discovered:
D:1:      matt_arrival_spirals, layout_rooms
D:2:      layout_basic, minmay_rat_hole
D:3:      layout_loops_corners, grunt_temple_overflow_lords_of_destruction,
          mainiacjoe_overflow_24_doors, shapermc_ecumenical_altar_pompeii,
          grunt_decor_arrowhead, uniq_ijyb, uniq_natasha
D:4:      layout_basic

Skill      XL: |  1  2  3  4  5 |
---------------+----------------+-----
Axes           | 2 3 |  3.0
Armour         | 3 |  3.7
Dodging        | 1 2 |  2.3
Shields        | 3 |  3.7
Fighting       | 4 |  4.1

Action                   |  1- 3 |  4- 6 || total
-------------------------+-------+-------++-------
Melee: War axe           |    90 |   160 ||   250
       Tailslap          |     6 |    20 ||    26
  Use: Scroll            |       |     3 ||     3
       Potion            |       |     1 ||     1
Armor: Scale mail        |    41 |    20 ||    61
       Plate armour      |       |   117 ||   117
Dodge: Dodged            |    40 |    57 ||    97
Block: Buckler           |    21 |    76 ||    97
